Map: Acropolis LE

Players

Djorn - Winner!

  • Race: Protoss Protoss
  • League: Bronze
  • Spawn Location: 5:00

A.I. 1 (Medium)

  • Race: Zerg Zerg
  • Spawn Location: 11:00

VOD

Have the link to the VOD?

Description

Time

  • Played on: Aug. 25, 2019, 12:28 a.m.
  • Length: 7:15
Show
View Real Time Build Order
Export as new Build Order

Djorn Protoss - Winner!

Build Orders:  

Get SALT Encoding   

  12  0:02  Probe  
  13  0:14  Probe  
  14  0:22  Pylon  
  14  0:27  Probe  
  15  0:40  Probe  
  16  0:50  Gateway, Probe  
  16  0:55  Assimilator  
  17  0:58  Probe  
  18  1:06  Probe  
  19  1:31  Pylon  
  19  1:38  Cybernetics Core  
  19  1:47  Gateway  
  19  1:52  Zealot  
  21  2:03  Probe  
  22  2:14  Gateway  
  22  2:15  Probe  
  23  2:16  Gateway  
  23  2:23  Pylon  
  23  2:25  Adept  
  23  2:27  Probe  
  26  2:30  Warp Gate  
  26  2:39  Probe  
  27  2:49  Adept  
  27  2:51  Probe  
  30  3:02  Assimilator  
  30  3:04  Probe  
  30  3:05  Stalker  
  31  3:16  Probe  
  34  3:27  Adept  
  34  3:29  Adept  
  38  4:15  Pylon  
  38  4:17  Pylon  
  38  4:19  Pylon  
  38  4:21  Pylon  
  38  4:34  Zealot x3  
  38  4:35  Zealot  
  46  4:43  Gateway  
  46  4:49  Gateway  
  46  4:56  Stalker x2  
  46  4:57  Stalker x2  
  46  5:49  Adept x2  
  50  5:50  Adept x4  
Show
View Real Time Build Order
Export as new Build Order

A.I. 1 (Medium) Zerg 

Build Orders: Hatch First 

Get SALT Encoding   

  12  0:00  Drone  
  13  0:12  Overlord  
  13  0:16  Drone  
  14  0:31  Drone  
  14  0:33  Drone  
  16  0:36  Drone  
  17  0:53  Hatchery  
  17  0:57  Drone  
  17  1:10  Spawning Pool  
  16  1:13  Drone  
  16  1:16  Drone  
  18  1:19  Extractor  
  18  1:21  Drone  
  18  1:28  Overlord  
  18  1:59  Zergling x2  
  18  2:00  Zergling x2, Queen  
  18  2:01  Zergling x2  
  23  2:02  Roach Warren  
  23  2:03  Extractor  
  23  2:05  Drone  
  22  2:11  Drone  
  23  2:22  Baneling Nest  
  22  2:25  Drone  
  22  2:29  Zergling x2  
  24  2:32  Zergling x2  
  24  2:36  Zergling x2  
  26  2:53  Roach  
  26  2:55  Overlord  
  28  3:06  Drone  
  28  3:09  Drone  
  28  3:10  Roach  
  32  3:13  Drone  
  32  3:16  Drone  
  32  3:19  Drone  
  35  3:23  Drone  
  36  3:28  Baneling, Lair  
  36  3:46  Overlord  
  36  3:51  Roach  
  38  4:06  Extractor  
  38  4:07  Drone  
  38  4:08  Roach  
  40  4:14  Drone  
  41  4:18  Overlord, Drone  
  42  4:26  Infestation Pit  
  41  4:32  Hydralisk Den  
  41  4:33  Drone  
  41  4:37  Drone  
  42  4:40  Drone  
  42  4:43  Drone  
  44  4:46  Drone  
  44  4:49  Drone  
  46  4:53  Drone  
  46  4:56  Drone  
  48  5:00  Hydralisk  
  48  5:01  Overlord  
  48  5:05  Drone  
  51  5:08  Drone  
  51  5:10  Drone  
  51  5:13  Drone  
  51  5:15  Zergling x2  
  43  5:22  Zergling x2  
  43  5:23  Queen  
  40  5:29  Zergling x2  
  35  5:36  Zergling x2  
  35  5:41  Drone  
  26  5:43  Roach  
  26  5:45  Drone  
  26  5:48  Drone  
  28  5:50  Zergling x2  
  28  5:58  Zergling x2  
  26  6:05  Zergling x2  
  25  6:11  Hydralisk  
  25  6:19  Zergling x2  
  23  6:34  Queen, Hydralisk  
  23  6:35  Drone  
  26  6:42  Zergling x2  
  26  6:45  Hatchery  
  13  6:58  Drone  
  7  7:01  Drone  
Tags
 
League
Bronze
Matchup
PvZ
Replay Pack
sc2replays
Spawn Locations
Cross Positions
Add a new tag
Caveats
  • Supply blocks, unpowered buildings, or Contaminate may cause inaccurate times.
  • Supply counts are checked every 10 seconds.